 Dungeon Crawl Stone Soup version 0.31.0-12-g77e489cdc1 (webtiles) character file.

Game seed: 773898999801014876

205 BigDaddyOpFi the Ruffian (level 5, -10/55 HPs)
             Began as an Octopode Fighter on Feb 28, 2024.
             Mangled by a troll (12 damage)
             ... on level 6 of the Dungeon.
             The game lasted 00:02:59 (1643 turns).

BigDaddyOpFi the Ruffian (Octopode Fighter)         Turns: 1643, Time: 00:02:59

Health: -10/55     AC:  1    Str: 16    XL:     5   Next: 83%
Magic:  5/5        EV: 13    Int: 10    God:
Gold:   16         SH:  6    Dex: 13    Spells: 4/4 levels left

rFire   . .          .
                       - Unarmed
rCold   . . .        a - +1 buckler
rNeg    . . .        (helmet restricted)
rPois   .            (no amulet)
rElec   .            (no ring)
rCorr   .            (no ring)
SInv    .            (no ring)
Will    .....        (no ring) Stlth
                     (no ring)
HPRegen 0.29/turn    (no ring)
MPRegen 0.09/turn    (no ring)
                     (no ring)

%: no passive effects
@: mighty, berserking, very quick
A: almost no armour, amphibious, 8 rings, camouflage 1, gelatinous body 1,
(nimble swimmer 1), tentacles
a: no special abilities


You were on level 6 of the Dungeon.
You visited 1 branch of the dungeon, and saw 4 of its levels.

You collected 16 gold pieces.

Inventory:

Armour
 a - a +1 buckler (worn)
 i - an orb of wrath
Scrolls
 c - a scroll of revelation
 e - a scroll of teleportation
 f - a scroll of silence
Potions
 g - a potion of curing {unknown}


   Skills:
 + Level 3.8 Fighting
 + Level 3.8 Dodging
 + Level 3.8 Shields
 * Level 4.0 Unarmed Combat


You had 4 spell levels left.
You didn't know any spells.
Your spell library contained the following spells:

 Spells                   Type           Power      Damage    Failure   Level
 Passage of Golubria      Tloc           0%         N/A       99%         4
 Silence                  Hex/Air        0%         N/A       100%        5
 Lehudib's Crystal Spear  Conj/Erth      0%         10d2      100%        8


Dungeon Overview and Level Annotations

Branches:
Dungeon (3/15)

Altars:


Innate Abilities, Weirdness & Mutations

You cannot wear most types of armour.
You are amphibious.
You can wear up to eight rings at the same time.
Your skin changes colour to match your surroundings (Stealth+).
Your rubbery body absorbs attacks. (AC +1, EV +1)
((You are camouflaged when in or above water. (Stealth+)))
You have tentacles for arms and can constrict up to eight enemies at once.


Message History

The white imp is severely wounded.
You constrict the white imp, but do no damage.
The white imp barely misses you.
You tentacle-slap the white imp.
You kill the white imp!
Found 17 gold pieces.
Found 2 poisoned darts.
A centaur comes into view.
Found a stone staircase leading down.
The centaur wields a +0 shortbow.
The centaur shoots an arrow.
The arrow hits you.
The centaur shoots an arrow.
The arrow completely misses you.
The centaur shoots an arrow.
The arrow hits you.
The centaur shoots an arrow.
The arrow hits you!
The centaur shoots an arrow.
The arrow hits you!
The centaur unwields a +0 shortbow.
The centaur closely misses you.
The centaur kicks you but does no damage.
The centaur misses you. x2
You bludgeon the centaur! You squeeze the centaur!
The centaur is almost dead.
The centaur barely misses you. The centaur misses you.
A troll comes into view.
You tentacle-slap the centaur.
You kill the centaur!
Your Unarmed Combat skill increases to level 4!
You bludgeon the troll!
The troll is moderately wounded.
You block the troll's attack. x2; The troll barely misses you.
You bludgeon the troll!
The troll is moderately wounded.
The troll bites you!
* * * LOW HITPOINT WARNING * * *
The troll claws you.
* * * LOW HITPOINT WARNING * * *
The troll misses you.
It was a potion of berserk rage.
A red film seems to cover your vision as you go berserk!
You feel yourself moving faster!
You feel mighty! The troll bites you.
* * * LOW HITPOINT WARNING * * *
The troll claws you!
You die...

#.#.# #.#.# .#.# #.# .#
## #.#.#.#.# #.# #.
+#.#.#.#.#..# .#
#.#.#.#.#.#.#####T##
.#.#.#.#.#..##..@..##..
#.#.#.#.#.#......(......
..........#.##..#.###..#
#####...........$.......
.......................
.........#.............
#####....#..##....#.#.#
#####....#..##.........
##.......#..........>..


You could see a troll.

Vanquished Creatures
  A centaur (D:6)
  A scorpion (D:6)
  An adder (D:2)
  A white imp (D:6)
  A ribbon worm (D:2)
  5 bats
  5 endoplasms
  3 giant cockroaches
  4 goblins
  5 hobgoblins
  3 jackals (D:1)
  4 ball pythons (D:1)
  A frilled lizard (D:1)
  6 kobolds
  3 rats (D:2)
44 creatures vanquished.

Notes
Turn   | Place    | Note
-------+----------+-------------------------------------------
     0 | D:1      | BigDaddyOpFi the Octopode Fighter began the quest for the
                  | Orb.
     0 | D:1      | Reached XP level 1. HP: 16/16 MP: 1/1
    74 | D:1      | Reached XP level 2. HP: 18/21 MP: 2/2
   353 | D:1      | Found a faded altar of an unknown god.
   499 | D:1      | Reached XP level 3. HP: 26/26 MP: 3/3
  1054 | D:2      | Reached skill level 3 in Unarmed Combat
  1363 | D:2      | Reached XP level 4. HP: 31/31 MP: 4/4
  1581 | D:3      | You fall into a shaft and drop 3 floors!
  1591 | D:6      | Noticed a scorpion
  1603 | D:6      | Killed a scorpion
  1604 | D:6      | Reached XP level 5. HP: 34/36 MP: 5/5
  1632 | D:6      | Noticed a centaur
  1639 | D:6      | Noticed a troll
  1640 | D:6      | Killed a centaur
  1641 | D:6      | Reached skill level 4 in Unarmed Combat
  1643 | D:6      | HP: 2/55 [troll (2)]
  1643 | D:6      | Mangled by a troll

Illustrated notes

Levels and vault maps discovered:
D:1:      lemuel_arrival_room, layout_basic, ebering_ecumenical_altar_mist
D:2:      layout_basic, kennysheep_path_1, roderic_filled_cross, chequers_jeans
D:3:      layout_basic, amcnicky_altar_gilded, chequers_serial_rivers_marsh,
          chequers_serial_rivers_room_a
D:6:      minmay_cornered_nines, layout_basic, minmay_misc_feat_doors,
          uniq_eustachio

Skill      XL: |  1  2  3  4  5 |
---------------+----------------+-----
Unarmed Combat | 3 4 |  4.0
Fighting       | |  3.8
Dodging        | |  3.8
Shields        | |  3.8

Action                     |  1- 3 |  4- 6 || total
---------------------------+-------+-------++-------
  Melee: Unarmed           |    92 |    14 ||   106
         Constrict         |    22 |     3 ||    25
         Tentacles         |    11 |     5 ||    16
         Punch             |     4 |       ||     4
    Use: Scroll            |     6 |     1 ||     7
         Potion            |       |     2 ||     2
   Stab: Sleeping          |     4 |       ||     4
         Distracted        |     1 |       ||     1
 Armour: Skin              |    34 |    13 ||    47
  Dodge: Dodged            |    45 |    13 ||    58
  Block: Buckler           |     7 |     3 ||    10
